 Dungeon Crawl Stone Soup version 0.27.0-1-g7a08968 (webtiles) character file.

Game seed: 17171067298528407558

2970 thesequoiad the Blocker (level 9, -6/83 HPs)
             Began as a Minotaur Fighter on Aug 12, 2021.
             Was an Initiate of Gozag.
             Mangled by a two-headed ogre (13 damage)
             ... on level 8 of the Dungeon.
             The game lasted 00:23:18 (10622 turns).

thesequoiad the Blocker (Minotaur Fighter)         Turns: 10622, Time: 00:23:19

Health: -6/83      AC:  9    Str: 30    XL:     9   Next: 52%
Magic:  8/8        EV:  9    Int:  5    God:    Gozag
Gold:   592        SH: 12    Dex: 10    Spells: 8/8 levels left

rFire    + . .     SeeInvis .   a - +0 war axe
rCold    . . .     Faith    .   c - +0 kite shield
rNeg     . . .     Spirit   .   l - +1 ring mail {rF+}
rPois    +         Reflect  .   (helmet restricted)
rElec    .         Harm     .   y - +0 cloak {rPois}
rCorr    .         Rampage  .   (no gloves)
Will     .....                  v - +0 pair of boots
Stlth    ..........             (no amulet)
HPRegen  0.23/turn              i - +6 ring of strength
MPRegen  0.11/turn              (no ring)

@: no status effects
A: horns 2, retaliatory headbutt
a: Renounce Religion, Potion Petition, Call Merchant, Bribe Branch


You were on level 8 of the Dungeon.
You worshipped Gozag.
Gozag was pleased with you.
You visited 2 branches of the dungeon, and saw 9 of its levels.
You also visited: Sewer.

You collected 806 gold pieces.
You spent 45 gold pieces at shops.
You paid 169 gold pieces to Gozag.

Inventory:

Hand Weapons
 a - a +0 war axe (weapon)
 j - a +3 short sword of draining
Missiles
 b - a curare-tipped dart
 r - 35 poisoned darts (quivered)
 u - a throwing net
Armour
 c - a +0 kite shield (worn)
 l - a +1 ring mail of fire resistance (worn)
 v - a +0 pair of boots (worn)
 y - a +0 cloak of poison resistance (worn)
Jewellery
 i - a +6 ring of strength (left hand)
Wands
 m - a wand of flame (1)
 B - a wand of mindburst (1)
Scrolls
 f - 6 scrolls of teleportation
 g - a scroll of vulnerability
 h - a scroll of summoning
 k - 4 scrolls of immolation
 o - a scroll of fog
 p - a scroll of enchant weapon
 s - 2 scrolls of amnesia {unknown}
 t - 4 scrolls of brand weapon {unknown}
 C - 2 scrolls of silence {unknown}
Potions
 d - a potion of flight
 e - 3 potions of haste
 n - a potion of heal wounds {unknown}
 q - 3 potions of mutation
 w - a potion of degeneration {unknown}
 x - a potion of magic
 z - a potion of attraction {unknown}
 A - a potion of berserk rage {unknown}


   Skills:
 + Level 9.2 Fighting
 + Level 8.8 Axes
 - Level 3.6 Armour
 + Level 9.2 Shields
 + Level 4.6 Evocations


You had 8 spell levels left.
You didn't know any spells.
Your spell library contained the following spells:

 Spells                   Type           Power      Damage    Failure   Level
 Sting                    Tmut/Pois      0%         1d3       85%         1
 Call Canine Familiar     Summ           0%         N/A       99%         3
 Portal Projectile        Hex/Tloc       0%         N/A       99%         3
 Leda's Liquefaction      Hex/Erth       0%         N/A       100%        4


Dungeon Overview and Level Annotations

Branches:
Dungeon (8/15)             Temple (1/1) D:6           Sewer (visited)
   Lair: D:8-11

Altars:
Ashenzari
Cheibriados
Dithmenos
Elyvilon
Fedhas
Gozag
Hepliaklqana
Kikubaaqudgha
Makhleb
Nemelex Xobeh
Okawaru
Qazlal
Ru
Sif Muna
Trog
Uskayaw
Vehumet
Wu Jian
Xom
Yredelemnul
Zin
The Shining One

Shops:
D:4 *(   D:5 ?

Annotations:
D:3 2 transporters


Innate Abilities, Weirdness & Mutations

You have a pair of horns on your head.
You reflexively headbutt those who attack you in melee.


Message History

Aim: a two-headed ogre, wielding a +0 giant club and a +0 great mace (moderately wounded, 75% to hit)
You throw a poisoned dart.
The poisoned dart hits the two-headed ogre.
The two-headed ogre is poisoned.
The two-headed ogre is moderately wounded.
Throw: 36 darts (poison)
Press: ? - help, Q - select action, (/) - cycle Shift-Dir - straight line, f/p - two-headed ogre
Aim: a two-headed ogre, wielding a +0 giant club and a +0 great mace (moderately wounded, poisoned, 75% to hit)
You throw a poisoned dart.
The poisoned dart hits the two-headed ogre.
The two-headed ogre is moderately wounded.
You slash the two-headed ogre!
The two-headed ogre is heavily wounded.
The two-headed ogre hits you with a +0 giant club!!
The two-headed ogre barely misses you.
You hit the two-headed ogre. You headbutt the two-headed ogre.
The two-headed ogre is severely wounded.
You block the two-headed ogre's attack.
The two-headed ogre hits you with a +0 great mace!
You slash the two-headed ogre!
The two-headed ogre is almost dead.
You block the two-headed ogre's attack.
The two-headed ogre hits you with a +0 great mace!!
* * * LOW HITPOINT WARNING * * *
You slash the two-headed ogre!
The two-headed ogre is almost dead.
The two-headed ogre completely misses you.
You block the two-headed ogre's attack.
You hit the two-headed ogre but do no damage.
Your headbutt misses the two-headed ogre.
The two-headed ogre is almost dead.
The two-headed ogre looks more healthy.
The two-headed ogre hits you with a +0 giant club!
* * * LOW HITPOINT WARNING * * *
The two-headed ogre closely misses you.
You hit the two-headed ogre but do no damage.
The two-headed ogre is almost dead.
The two-headed ogre hits you with a +0 giant club!
You die...
Your body crumbles into a pile of gold.

#.# #.#..##.....#.#.Z.#.
#.# #.##.########.#(..#.
#.####.#.....(..Z..(.....
#.##.....#########.##..#.
#.##....(##<# #.##..#.
#.##....(##.# #.##..#.
#....#'#(##.# #.##..#.
####.#.#O##.# #.#...#.
#.#.#@##.# #.#..###
#.#.#.##.# #.......
#.#|#.##.#############
#.#)#.##........
#.#.#.##..######
#.#.#.##..# #.#.#.##..#
#......#..# ###.#..#..#


You could see a two-headed ogre.

Vanquished Creatures
  Grinder (D:3)
  Sigmund (D:5)
  A wyvern (D:7)
  2 steam dragons
  Menkaure (D:7)
  A water moccasin (D:6)
  4 ice beasts
  A black bear (D:6)
  A hornet zombie (D:8)
  A sky beast (D:5)
  A necrophage (D:6)
  An orc warrior (D:7)
  An ogre (D:5)
  A phantom (D:5)
  3 kobold brigands
  4 bullfrogs
  A wyvern skeleton (D:6)
  A water moccasin skeleton (D:4)
  A bullfrog zombie (D:6)
  2 hounds
  A jelly (D:7)
  Crazy Yiuf (D:7)
  Jessica (D:2)
  Terence (D:2)
  3 orc wizards
  A howler monkey zombie (D:8)
  5 adders
  2 river rats (Sewer)
  2 white imps
  2 ufetubi
  An adder skeleton (D:5)
  4 worms
  4 dart slugs
  14 orcs
  5 ball pythons
  3 bats
  10 endoplasms
  2 giant cockroaches
  4 goblins
  7 hobgoblins
  6 jackals (D:1)
  8 kobolds
  3 quokkas
  3 frilled lizards
  4 rats
  4 bushes (D:2)
131 creatures vanquished.

Vanquished Creatures (others)
  6 plants (D:4)
6 creatures vanquished.

Grand Total: 137 creatures vanquished

Notes
Turn   | Place    | Note
-------+----------+-------------------------------------------
     0 | D:1      | thesequoiad the Minotaur Fighter began the quest for the
                  | Orb.
     0 | D:1      | Reached XP level 1. HP: 19/19 MP: 0/0
   117 | D:1      | Reached XP level 2. HP: 22/27 MP: 1/1
   584 | D:1      | Reached XP level 3. HP: 33/33 MP: 2/2
   982 | D:2      | Noticed Terence
  1428 | D:2      | Killed Terence
  1429 | D:2      | Reached XP level 4. HP: 9/41 MP: 3/3
  1800 | D:2      | Noticed Jessica
  1808 | D:2      | Killed Jessica
  2616 | D:3      | Found a faded altar of an unknown god.
  2741 | D:3      | Got Plato's Papyrus of Poisoning
  2765 | D:3      | Noticed Grinder
  2776 | D:3      | Paralysed by Grinder for 6 turns
  2800 | D:3      | Killed Grinder
  2801 | D:3      | Reached skill level 5 in Fighting
  2801 | D:3      | Reached skill level 5 in Shields
  2801 | D:3      | Reached XP level 5. HP: 10/49 MP: 4/4
  2801 | D:3      | Reached XP level 6. HP: 12/56 MP: 5/5
  3062 | D:3      | Found a stormy altar of Qazlal.
  3067 | D:3      | Noticed a sky beast
  3068 | D:3      | Found an iron altar of Okawaru.
  3072 | D:3      | Found a transporter.
  3109 | D:3      | Found a radiant altar of Vehumet.
  3466 | D:3      | Found a transporter.
  3503 | D:3      | Reached skill level 5 in Axes
  3617 | D:4      | Found Umysum's Antique Weapon Emporium.
  3718 | D:4      | Found a glowing drain.
  3736 | Sewer    | Entered a sewer
  4385 | D:4      | Reached XP level 7. HP: 60/63 MP: 6/6
  4469 | D:4      | Found Qiodala's General Store.
  4481 | D:4      | Bought a +0 pair of boots for 45 gold pieces
  4508 | D:4      | Found Gavuuq's Magic Scroll Emporium.
  5111 | D:5      | Entered Level 5 of the Dungeon
  5111 | D:5      | Found Lul Ruga's Magic Scroll Shoppe.
  6261 | D:6      | Reached skill level 1 in Evocations
  6285 | D:6      | Noticed a steam dragon
  6289 | D:6      | Noticed Sigmund
  6848 | D:6      | Reached XP level 8. HP: 37/73 MP: 7/7
  7083 | D:5      | Killed Sigmund
  7773 | D:6      | Found a staircase to the Ecumenical Temple.
  7778 | Temple   | Entered the Ecumenical Temple
  8022 | Temple   | Became a worshipper of Gozag Ym Sagoz the Greedy
  8332 | D:7      | Found a runed translucent door.
  8333 | D:7      | Noticed Crazy Yiuf
  8338 | D:7      | Killed Crazy Yiuf
  8946 | D:7      | Reached XP level 9. HP: 49/82 MP: 8/8
  9369 | D:7      | Noticed Menkaure
  9374 | D:7      | Killed Menkaure
  9828 | D:8      | Found a shadowy altar of Dithmenos.
 10152 | D:8      | Noticed a two-headed ogre
 10622 | D:8      | Mangled by a two-headed ogre

Illustrated notes

Levels and vault maps discovered:
D:1:      dpeg_arrival_rooms_c, layout_basic, st_stairs_13
D:2:      layout_loops_ring, serial_forest, infiniplex_forest_lined_corner,
          infiniplex_forest_corner_1, infiniplex_forest_end_3,
          infiniplex_forest_clump_long, infiniplex_forest_straight_3,
          infiniplex_forest_zigzag_1, infiniplex_forest_lined_4_way,
          infiniplex_forest_clump_double, uniq_terence, uniq_jessica
D:3:      layout_basic, fiery_altar_vehumet, gammafunk_temple_overflow_arena,
          shapermc_ecumenical_altar_rom_forum, uniq_grinder
D:4:      wad_lake_hut, layout_layer_cave, serial_shops, shop_coins, shop_coins,
          nicolae_shop_trees, cheibrodos_sewer_entry_bend
D:5:      layout_basic, enter_ossuary_1, nicolae_stop_n_shop_1, st_stairs_6
D:6:      layout_cave_pools, minmay_temple_entry_glassed_door, uniq_sigmund
D:7:      layout_gridville, abandoned_shop, chequers_mini_garden,
          uniq_crazy_yiuf_cottage, uniq_menkaure
D:8:      layout_basic, mainiacjoe_overflow_boulevard, minivault_19
Temple:   dpeg_five_rooms_temple

Skill      XL: |  1  2  3  4  5  6  7  8  9 |
---------------+----------------------------+-----
Shields        | 4 5 6 7 8 9 |  9.2
Fighting       | 4 5 6 7 8 9 |  9.2
Axes           | 3 4 5 6 8 |  8.8
Evocations     | 1 3 4 |  4.6
Armour         | |  3.6

Action                   |  1- 3 |  4- 6 |  7- 9 || total
-------------------------+-------+-------+-------++-------
Melee: War axe           |    68 |   119 |   207 ||   394
       Headbutt          |     6 |    95 |    48 ||   149
       Short sword       |    14 |   119 |       ||   133
Throw: Dart              |       |       |    28 ||    28
Evoke: Wand              |       |     3 |     7 ||    10
  Use: Scroll            |     1 |     7 |    11 ||    19
       Potion            |     1 |     1 |     4 ||     6
Armor: Scale mail        |    29 |       |       ||    29
       Ring mail         |       |    23 |    71 ||    94
Dodge: Dodged            |    20 |    29 |    80 ||   129
Block: Kite shield       |    47 |    38 |   134 ||   219
